 Dungeon Crawl Stone Soup version 0.24.0-13-gcf9b319 (webtiles) character file.

Game seed: 16746249712332399301, levelgen mode: deterministic

345 Arex the Shield-Bearer (level 6, -1/44 HPs)
             Began as an Octopode Fighter on Mar 20, 2020.
             Slain by a phantom (8 damage)
             ... on level 4 of the Dungeon.
             The game lasted 00:05:35 (3197 turns).

Arex the Shield-Bearer (Octopode Fighter)           Turns: 3197, Time: 00:05:36

Health: -1/44      AC:  1    Str: 17    XL:     6   Next: 58%
Magic:  6/6        EV: 12    Int: 14    God:
Gold:   54         SH:  9    Dex: 11    Spells: 5/5 levels left

rFire    . . .     SeeInvis .     - Unarmed
rCold    . . .     Gourm    .   a - +0 shield
rNeg     . . .     Faith    .   (helmet restricted)
rPois    .         Spirit   .   (no amulet)
rElec    .         Reflect  .   i - ring of flight
rCorr    .         Harm     .   f - +3 ring of intelligence
MR       .....                  (no ring)
Stlth    ++........             (no ring)
HPRegen  0.14/turn              (no ring)
MPRegen  0.10/turn              (no ring)
                                (no ring)
                                (no ring)

@: no status effects
A: almost no armour, stealthy swim, amphibious, 8 rings, constrict 8, camouflage
1, gelatinous body 1
a: Evoke Flight


You were on level 4 of the Dungeon.
You were not hungry.

You visited 1 branch of the dungeon, and saw 4 of its levels.

You collected 170 gold pieces.
You spent 116 gold pieces at shops.

Inventory:

Armour
 a - a +0 shield (worn)
Jewellery
 f - a +3 ring of intelligence (right tentacle)
 i - a ring of flight (left tentacle)
Wands
 u - a wand of iceblast (4)
Scrolls
 d - 3 scrolls of teleportation
 j - a scroll of random uselessness {unknown}
 k - a scroll of fear {unknown}
 l - 2 scrolls of identify {unknown}
 m - a scroll of amnesia
 o - a scroll of remove curse {unknown}
 p - a scroll of magic mapping {unknown}
 t - a scroll of fog {unknown}
Potions
 e - 2 potions of lignification {unknown}
 g - a potion of haste {unknown}
 h - a potion of brilliance {unknown}
 n - a potion of heal wounds {unknown}
 q - a potion of berserk rage {unknown}
 r - a potion of curing {unknown}
 s - 2 potions of degeneration {unknown}
Comestibles
 b - a chunk of flesh
 c - 5 rations


   Skills:
 + Level 4.3 Fighting
 + Level 4.3 Dodging
 + Level 4.4 Shields
 + Level 3.7 Unarmed Combat
 + Level 0.7 Evocations


You had 5 spell levels left.
You didn't know any spells.
Your spell library was empty.

Dungeon Overview and Level Annotations

Branches:
Dungeon (4/15)
 Temple: D:4-7

Altars:

Shops:
D:4 *


Innate Abilities, Weirdness & Mutations

You cannot wear most types of armour.
You are very stealthy in the water. (Stealth+)
You are amphibious.
You can wear up to eight rings at the same time.
You can use your tentacles to constrict eight enemies at once.
Your skin changes colour to match your surroundings (Stealth+).
Your rubbery body absorbs attacks. (AC +1, EV +1)


Message History

Your shield prevents you from hitting the phantom.
The phantom is severely damaged.
The phantom hits you.
The phantom blinks!
Evoke which item? (* to show all) (? for menu, Esc to quit)
Aiming: Iceblast
Press: ? - help, Shift-Dir - straight line, f/p - phantom
Aim: a phantom (severely damaged)
The mass of ice explodes!
The iceblast engulfs the phantom!
The phantom partially resists.
The phantom is almost destroyed.
You closely miss the phantom. You squeeze the phantom.
The phantom is almost destroyed.
You tentacle-slap the phantom but do no damage.
The phantom is almost destroyed.
The phantom hits you!
* * * LOW HITPOINT WARNING * * *
You tentacle-slap the phantom but do no damage.
The phantom is almost destroyed.
The phantom hits you!
You die...

###.......##.#..
#####.........#..#..
##...#...............
######....##..............
##....##...................
#......#..###...........###
#......#...∩...........$#
#.....##.W........##.....#
###......@........##...#..
#....................#.#
##.#...##)..........## #
####...)...........#
##.))..........##
................. ..
...........##... ##.
.........$.... .. ...
.............#. . ...


You could see a phantom.

Vanquished Creatures
  An ogre (D:2)
  A hound (D:4)
  Crazy Yiuf (D:2)
  An iguana (D:4)
  A worker ant (D:4)
  5 adders
  An ooze (D:2)
  An adder skeleton (D:4)
  2 worms
  2 leopard geckos (D:2)
  10 orcs
  2 ball pythons (D:3)
  6 goblins
  3 hobgoblins
  8 jackals
  9 kobolds
  2 quokkas
  8 bats
  6 frilled lizards
  A quokka skeleton (D:4)
  31 rats
102 creatures vanquished.

Notes
Turn   | Place    | Note
-------+----------+-------------------------------------------
     0 | D:1      | Arex the Octopode Fighter began the quest for the Orb.
     0 | D:1      | Reached XP level 1. HP: 16/16 MP: 1/1
   109 | D:1      | Reached XP level 2. HP: 21/21 MP: 2/2
   612 | D:2      | Reached XP level 3. HP: 25/26 MP: 3/3
  1028 | D:2      | Found a runed translucent door.
  1029 | D:2      | Noticed Crazy Yiuf
  1301 | D:2      | Noticed an ogre
  1583 | D:2      | Reached XP level 4. HP: 31/31 MP: 4/4
  1787 | D:2      | Killed Crazy Yiuf
  2130 | D:2      | Killed an ogre
  2130 | D:2      | Reached XP level 5. HP: 34/37 MP: 5/5
  2871 | D:3      | Reached XP level 6. HP: 39/43 MP: 6/6
  3025 | D:4      | Found Tili's Assorted Antiques.
  3034 | D:4      | Bought a jewelled bone wand for 116 gold pieces
  3173 | D:4      | Noticed a phantom
  3197 | D:4      | Slain by a phantom

Levels and vault maps discovered:
D:1:      dpeg_arrival_arbitrary_a, layout_basic
D:2:      layout_basic, minmay_rat_hole, uniq_crazy_yiuf_cottage
D:3:      layout_rooms, first_ration
D:4:      layout_cave_pools, serial_shops, shop

Skill      XL: |  1  2  3  4  5 |
---------------+----------------+-----
Shields        | 4 |  4.4
Unarmed Combat | 3 |  3.7
Fighting       | 4 |  4.3
Dodging        | 4 |  4.3
Evocations     | |  0.7

Action                   |  1- 3 |  4- 6 || total
-------------------------+-------+-------++-------
Melee: Unarmed           |    90 |   130 ||   220
       Constrict         |    25 |    36 ||    61
       Tentacles         |    12 |    24 ||    36
       Punch             |     2 |     2 ||     4
Evoke: Wand              |       |     5 ||     5
  Use: Scroll            |       |     2 ||     2
       Potion            |       |     1 ||     1
 Stab: Sleeping          |     8 |     5 ||    13
  Eat: Chunk             |     2 |     5 ||     7
Armor: Skin              |     7 |     3 ||    10
Dodge: Dodged            |    27 |    43 ||    70
Block: Shield            |    24 |    61 ||    85
